 Dungeon Crawl Stone Soup version 0.20.1-1-g8b1a95d (webtiles) character file.

62 Lenrir59 the Digger (level 4, 0/24 HPs)
             Began as a Gargoyle Earth Elementalist on Oct 20, 2017.
             Slain by a leopard gecko (1 damage)
             ... on level 2 of the Dungeon.
             The game lasted 00:15:12 (1652 turns).

Lenrir59 the Digger (Gargoyle Earth Elementalist)   Turns: 1652, Time: 00:15:13

Health: 0/24       AC:  6    Str: 12    XL:     4   Next: 8%
Magic:  0/8        EV: 12    Int: 16    God:
Gold:   92         SH:  0    Dex: 10    Spells: 8/9 levels left

rFire    . . .     SeeInvis .   (no weapon)
rCold    . . .     Gourm    .   (no shield)
rNeg     + . .     Faith    .   c - +1 robe
rPois    ∞         Spirit   .   (no helmet)
rElec    +         Reflect  .   (no cloak)
rCorr    .         Harm     .   (no gloves)
MR       .....                  (no boots)
Stlth    ++........             (no amulet)
Regen    0.1/turn               (no ring)
MPRegen  0.2/turn               (no ring)

@: no status effects
A: negative energy resistance 1, electricity resistance, unbreathing,
petrification resistance, rot immunity, AC +3
a: no special abilities


You were on level 2 of the Dungeon.
You were not hungry.

You visited 1 branch of the dungeon, and saw 2 of its levels.

You collected 92 gold pieces.

Inventory:

Missiles
 b - 29 stones (quivered)
 j - 32 sling bullets
Armour
 c - a +1 robe (worn)
 n - a +0 pair of gloves
Scrolls
 h - a scroll of enchant armour
 l - a scroll of remove curse
Potions
 g - a potion of berserk rage {unknown}
 k - a potion of flight {unknown}
 m - 2 potions of curing {unknown}
Books
 e - a book of Geomancy

   Spells                             Type                      Level
   a - Sandblast                      Earth                        1
   b - Passwall                       Transmutation/Earth          2
   c - Stone Arrow                    Conjuration/Earth            3
   d - Petrify                        Transmutation/Earth          4
   e - Lee's Rapid Deconstruction     Earth                        5
Comestibles
 d - 5 chunks of flesh


   Skills:
 - Level 1.5 Dodging
 - Level 2.1 Stealth
 * Level 3.1 Spellcasting
   Level 0.7 Transmutations
 * Level 4.8 Earth Magic


You had 8 spell levels left.
You knew the following spells:

 Your Spells              Type           Power        Failure   Level  Hunger
a - Sandblast             Erth           ###...       2%          1    None


Dungeon Overview and Level Annotations

Branches:
Dungeon (2/15)

Altars:

Annotations:
D:2 Sigmund


Innate Abilities, Weirdness & Mutations

You are resistant to torment.
Your stone body is resilient. (AC +3)
You are immune to poison.
You resist negative energy. (rN+)
You are resistant to electric shocks. (rElec)
You can survive without breathing.
You are immune to petrification.
You are immune to rotting.


Message History

Aim: a leopard gecko The blast of sand misses the leopard gecko.
b - 29 stones The leopard gecko bites you but does no damage.
The leopard gecko barely misses you.
Sigmund gestures wildly while chanting.
Sigmund flickers and vanishes!
The leopard gecko barely misses you.
Okay, then.
Okay, then.
As you read the scroll labeled HUROKU HOSIL, it crumbles to dust.
The scroll dissolves into smoke.
It was a scroll of fog.
Something hits you!
* * * LOW HITPOINT WARNING * * *
The leopard gecko closely misses you. Something hits you.
* * * LOW HITPOINT WARNING * * *
As you read the scroll labeled ROMEARE BATIOSH, it crumbles to dust.
You feel aware of your surroundings.
It was a scroll of magic mapping.
The leopard gecko barely misses you. The leopard gecko bites you.
You die...

......)..............##.........≈
.......###........†..##..........
.......# ###.#.......##.........≈
.......#*#*#.##.....####...^.....
........,...........## ##.......≈
........#*#%##..§§§..# ########.
.######## #%..§§§.{§.# #. #*
####§§§§§§.# #. * ##§@l§§## #. *
##§§§## ## * #####


You could see a leopard gecko.

Vanquished Creatures
  An adder (D:2)
  4 dart slugs
  2 leopard geckos
  4 giant cockroaches
  4 goblins
  6 hobgoblins
  4 jackals (D:2)
  A quokka (D:2)
  2 ball pythons
  6 frilled lizards
  4 kobolds
  3 rats
41 creatures vanquished.

Notes
Turn   | Place    | Note
-------+----------+-------------------------------------------
     0 | D:1      | Lenrir59 the Gargoyle Earth Elementalist began the quest for the Orb.
     0 | D:1      | Reached XP level 1. HP: 10/10 MP: 3/3
   162 | D:1      | Reached skill level 4 in Earth Magic
   162 | D:1      | Reached XP level 2. HP: 15/15 MP: 1/5
   813 | D:1      | Reached XP level 3. HP: 19/19 MP: 4/6
  1077 | D:2      | Found a faded altar of an unknown god.
  1217 | D:2      | Noticed Sigmund
  1576 | D:2      | Reached XP level 4. HP: 24/24 MP: 1/8
  1651 | D:2      | HP: 1/24 [something (4)]
  1652 | D:2      | Slain by a leopard gecko

Skill      XL: |  1  2  3 |
---------------+----------+-----
Earth Magic    | 4 |  4.8
Spellcasting   | 3 |  3.1
Dodging        | |  1.5
Stealth        | |  2.1
Transmutations | |  0.7

Action                   |  1- 3 |  4- 6 || total
-------------------------+-------+-------++-------
Melee: Unarmed           |   133 |       ||   133
 Cast: Sandblast         |    52 |    10 ||    62
  Use: Scroll            |     4 |     2 ||     6
  Eat: Chunk             |     2 |       ||     2
       Bread ration      |     1 |       ||     1
Armor: Robe              |     7 |     6 ||    13
Dodge: Dodged            |     9 |    14 ||    23
